 Dungeon Sprint DCSS version 0.27-a0-1332-g84bddb5ca7 (webtiles) character file.

Game seed: 11818899943537960133

850 mhtbhm the Thaumaturge (level 7, -12/37 HPs)
             Began as a Deep Elf Earth Elementalist on June 25, 2021.
             Was a Follower of Vehumet.
             Mangled by a two-headed ogre (29 damage)
             ... in the Dungeon (Sprint IX: "|||||||||||||||||||||||||||||").
             The game lasted 00:01:23 (596 turns).

mhtbhm the Thaumaturge (Deep Elf Earth Elementalist) Turns: 596, Time: 00:01:24

Health: -12/37     AC:  4    Str:  8    XL:     7   Next: 69%
Magic:  11/25      EV: 15    Int: 22    God:    Vehumet [*.....]
Gold:   0          SH:  0    Dex: 18    Spells: 17/32 levels left

rFire    . . .     SeeInvis .   l - +2 scimitar (elec)
rCold    . . .     Faith    .   (no shield)
rNeg     . . .     Spirit   .   b - +0 robe
rPois    .         Reflect  .   m - +0 helmet
rElec    .         Harm     .   (no cloak)
rCorr    .         Rampage  .   (no gloves)
Will     .....     NoTele   +   n - +0 pair of boots
Stlth    +++.......             (no amulet)
HPRegen  0.12/turn              o - +3 ring of strength
MPRegen  0.19/turn              p - +3 ring of dexterity

@: lethally poisoned (-12 -> -20), slowed, very slow
A: no striking features
a: Renounce Religion


You were in the Dungeon.
You worshipped Vehumet.
Vehumet was aware of your devotion.
You visited 1 branch

Inventory:

Hand Weapons
 l - a +2 scimitar of electrocution (weapon)
Missiles
 i - 9 stones
Armour
 b - a +0 robe (worn)
 m - a +0 helmet (worn)
 n - a +0 pair of boots (worn)
Jewellery
 o - a +3 ring of strength (left hand)
 p - a +3 ring of dexterity (right hand)
Wands
 k - a wand of acid (9)
Scrolls
 h - 2 scrolls of blinking
 j - 2 scrolls of amnesia
Potions
 a - a potion of invisibility
 c - 5 potions of curing
 d - 3 potions of heal wounds
 e - a potion of haste
 f - 4 potions of magic
 g - a potion of berserk rage


   Skills:
 + Level 0.7 Fighting
 + Level 1.0 Long Blades
 + Level 6.4 Dodging
 + Level 5.4 Stealth
 + Level 13.1 Spellcasting
 + Level 1.9 Conjurations
 + Level 1.7 Transmutations
 + Level 12.7 Earth Magic


You had 17 spell levels left.
You knew the following spells:

 Your Spells              Type           Power      Damage    Failure   Level
a - Sandblast             Erth           100%       2d20      1%          1
b - Passwall              Tmut/Erth      38%        N/A       1%          2
c - Stone Arrow           Conj/Erth      92%        3d12      1%          3
d - Lee's Rapid Deconstr  Erth           31%        3d17*     1%          5
e - Petrify               Tmut/Erth      46%        N/A       2%          4

Your spell library contained the following spells:

 Spells                   Type           Power      Damage    Failure   Level
 Magic Dart               Conj           88%        1d7       1%          1


Dungeon Overview and Level Annotations

Branches:
Dungeon (1/1)

Altars:
Cheibriados
Dithmenos
Elyvilon
Fedhas
Gozag
Hepliaklqana
Kikubaaqudgha
Makhleb
Nemelex Xobeh
Okawaru
Qazlal
Ru
Sif Muna
Trog
Uskayaw
Vehumet
Wu Jian
Xom
Yredelemnul
Zin
The Shining One
Beogh
Jiyva
Lugonu


Message History

Press: ? - help, Shift-Dir - straight line, f/p - kobold brigand
Aim: a kobold brigand, wielding a +0 whip and quivering curare-tipped darts (almost dead, 80% to hit)
The blast of sand hits the kobold brigand.
The kobold brigand is almost dead.
The kobold brigand hits you with a +0 whip.
Unknown command.
There is an open door here.
There is a glowing golden altar of the Shining One here.
The kobold brigand throws a curare-tipped dart.
The curare-tipped dart hits you.
You are poisoned.
You have difficulty breathing.
You feel yourself slow down.
There is a glowing silver altar of Zin here.
Casting: Sandblast (safe; 1% risk of failure)
Confirm with . or Enter, or press ? or * to list all spells.
Aiming: Lee's Rapid Deconstruction (dangerous; 1% risk of failure)
Press: ? - help, Dir - move target, f/p - kobold brigand Fragment what (e.g. wall or brittle monster)?: a kobold brigand, wielding a +0 whip and quivering curare-tipped darts (almost dead)
An open door.
The stone door frame shatters!
The blast of rock fragments hits the kobold brigand!!
You kill the kobold brigand!
Vehumet accepts your kill.
The blast of rock fragments hits the two-headed ogre!!
The two-headed ogre is heavily wounded.
You feel very sick.
Your Spellcasting skill increases to level 13!
Unknown command.
Press < or > to pray at altars.
Casting: Lee's Rapid Deconstruction (dangerous; 1% risk of failure)
Confirm with . or Enter, or press ? or * to list all spells.
Aiming: Sandblast (safe; 1% risk of failure)
Press: ? - help, Shift-Dir - straight line, f - two-headed ogre
Aim: a two-headed ogre, wielding two +0 giant spiked clubs (heavily wounded, 92% to hit)
The blast of sand hits the two-headed ogre!!
The two-headed ogre is severely wounded.
You feel very sick.
The two-headed ogre hits you with a +0 giant spiked club!!
Ouch! That really hurt!
You die...

▓.▓
▓.▓
▓.▓
▓)▓
▓†▓
▓.▓
▓)▓
▓O▓
▓@▓
▓_▓
▓_▓
▓_▓
▓_▓
▓_▓
▓_▓
▓_▓
▓_▓


You could see a two-headed ogre.

Vanquished Creatures
  A kobold demonologist (D)
  2 yaks (D)
  2 kobold brigands (D)
  A scorpion (D)
  2 jellies (D)
  2 adders (D)
  2 endoplasms (D)
  3 bats (D)
15 creatures vanquished.

Notes
Turn   | Place    | Note
-------+----------+-------------------------------------------
     0 | D        | mhtbhm the Deep Elf Earth Elementalist began the quest for
                  | the Orb.
     0 | D        | Reached XP level 1. HP: 10/10 MP: 6/6
   179 | D        | Noticed a scorpion
   179 | D        | Noticed a jelly
   179 | D        | Noticed a jelly
   181 | D        | Killed a jelly
   182 | D        | Reached skill level 5 in Spellcasting
   182 | D        | Reached skill level 5 in Earth Magic
   182 | D        | Reached XP level 2. HP: 15/15 MP: 6/10
   182 | D        | Reached XP level 3. HP: 19/19 MP: 6/11
   186 | D        | Learned a level 2 spell: Passwall
   190 | D        | Learned a level 3 spell: Stone Arrow
   225 | D        | Reached skill level 6 in Spellcasting
   225 | D        | Reached XP level 4. HP: 24/24 MP: 8/14
   268 | D        | Killed a scorpion
   269 | D        | Reached skill level 7 in Spellcasting
   271 | D        | Reached XP level 5. HP: 24/28 MP: 10/17
   277 | D        | Found a snail-covered altar of Cheibriados.
   277 | D        | Found a shadowy altar of Dithmenos.
   277 | D        | Found a white marble altar of Elyvilon.
   277 | D        | Found a blossoming altar of Fedhas.
   277 | D        | Found an opulent altar of Gozag.
   284 | D        | Learned a level 5 spell: Lee's Rapid Deconstruction
   289 | D        | Learned a level 4 spell: Petrify
   289 | D        | Found a hazy altar of Hepliaklqana.
   290 | D        | Found a viscous altar of Jiyva.
   291 | D        | Found an ancient bone altar of Kikubaaqudgha.
   292 | D        | Found a corrupted altar of Lugonu.
   293 | D        | Found a burning altar of Makhleb.
   294 | D        | Found a sparkling altar of Nemelex Xobeh.
   295 | D        | Found an iron altar of Okawaru.
   296 | D        | Found a stormy altar of Qazlal.
   297 | D        | Found a sacrificial altar of Ru.
   298 | D        | Found a shimmering blue altar of Sif Muna.
   299 | D        | Found a bloodstained altar of Trog.
   300 | D        | Found a hide-covered altar of Uskayaw.
   301 | D        | Found a radiant altar of Vehumet.
   302 | D        | Found an ornate altar of the Wu Jian Council.
   303 | D        | Found a shimmering altar of Xom.
   304 | D        | Found a basalt altar of Yredelemnul.
   305 | D        | Found a glowing silver altar of Zin.
   306 | D        | Found a glowing golden altar of the Shining One.
   309 | D        | Became a worshipper of Vehumet
   347 | D        | Noticed a two-headed ogre
   347 | D        | Noticed a yak
   347 | D        | Noticed a yak
   347 | D        | Noticed a kobold demonologist
   348 | D        | Noticed a ynoxinul
   354 | D        | Killed a kobold demonologist
   355 | D        | Reached skill level 5 in Dodging
   355 | D        | Reached skill level 5 in Stealth
   355 | D        | Reached skill level 11 in Spellcasting
   355 | D        | Reached skill level 1 in Conjurations
   355 | D        | Reached XP level 6. HP: 33/33 MP: 1/22
   355 | D        | Killed a yak
   356 | D        | Reached XP level 7. HP: 37/37 MP: 0/24
   586 | D        | Killed a yak
   586 | D        | Reached * piety under Vehumet
   586 | D        | Offered knowledge of Magic Dart by Vehumet.
   587 | D        | Reached skill level 12 in Spellcasting
   589 | D        | Reached skill level 1 in Long Blades
   596 | D        | Reached skill level 13 in Spellcasting
   596 | D        | Mangled by a two-headed ogre

Illustrated notes

Levels and vault maps discovered:
D:        linesprint [early_d, line_temple, items_1, d_10, items_2, lair_1,
          lair_end, items_3, orc_1, orc_end, items_4, d_15, swamp_1, shoals_1,
          snake_1, spider_1, d_20, vaults_1, items_5, swamp_end, shoals_end,
          snake_end, spider_end, vaults_end, d_27, items_6, zot_1, zot_end,
          crypt_end, forest_end, elf_end, slime_end, tomb_end, abyss_end,
          pan_hell_end]

Skill      XL: |  1  2  3  4  5  6  7 |
---------------+----------------------+-----
Stealth        | 3 4 5 |  5.4
Earth Magic    | 5 7 8 11 12 | 12.7
Dodging        | 3 4 5 6 |  6.4
Spellcasting   | 5 6 7 11 13 | 13.1
Conjurations   | 1 |  1.9
Long Blades    | 1 |  1.0
Fighting       | |  0.7
Transmutations | |  1.7

Action                   |  1- 3 |  4- 6 |  7- 9 || total
-------------------------+-------+-------+-------++-------
 Cast: Sandblast         |     9 |     5 |     7 ||    21
       Stone Arrow       |     1 |     1 |     1 ||     3
       Lee's Rapid Decon |       |     2 |     1 ||     3
Evoke: Wand              |       |     1 |       ||     1
Armor: Robe              |       |     1 |       ||     1
Dodge: Dodged            |     1 |     2 |     2 ||     5
       Rpst.: Scimitar   |       |     1 |       ||     1

Table legend: (Time is in decaauts)
 A = Elapsed time spent in this place.
 B = Non-inter-level travel time spent in this place.
 C = Inter-level travel time spent in this place.
 D = Time resting spent in this place.
 E = Time spent auto-exploring this place.
 F = Levels seen in this place.
 G = Mean time per level.
                   A        B        C        D        E       F      G
               +--------+--------+--------+--------+--------+-----+--------+
         Total |    595 |    595 |      0 |    450 |      3 |   1 |  595.0 |
       Dungeon |    595 |    595 |      0 |    450 |      3 |   1 |  595.0 |
               +--------+--------+--------+--------+--------+-----+--------+

Top non-repeatable levels by time:
       D: 595 daAuts
